Wolfes vs Atomiques

Created - November 14, 2019 at 19:00

Goals
1 2 3 T
Wolfes 0 3 0 3
Atomiques 2 2 2 6
Shots
1 2 3 T
Wolfes 7 21 8 36
Atomiques 13 16 6 35

1st period

1. Atomiques , Brandon Saad 8 (Chris Tierney 8, Dennis Everberg 7) at 4:07
2. Atomiques , Michael Chaput 4 (William Nylander 5, Jonathan Drouin 2) at 13:39

Penalties :
Michael Chaput (STB) for Holding (Minor) at 11:24, Joonas Lyytinen (RIM) for Hooking (Minor) at 18:22

2nd period

3. Wolfes , Zachary Sanford 1 (Kyle Rau 3, Sean Monahan 8) at 7:00
4. Wolfes , Sean Monahan 3 (Blake Pietila 4, Joe Morrow 6) at 10:15 (PP)
5. Atomiques , Brandon Saad 9 (Chris Tierney 9) at 11:31 (PP)
6. Wolfes , Sean Monahan 4 (Jeffrey Foss 2) at 11:51
7. Atomiques , Michael Chaput 5 (Matt Tennyson 2, Travis Sanheim 10) at 17:32 (PP)

Penalties :
Brandon Saad (STB) for Holding (Minor) at 10:01, Michael Stone (RIM) for Hooking (Minor) at 11:14, Joe Morrow (RIM) for Diving (Minor) at 12:02, Jamie Oleksiak (RIM) for Hooking (Minor) at 16:33, Travis Sanheim (STB) for Hooking (Minor) at 19:13

3rd period

8. Atomiques , Travis Sanheim 2 (Jonathan Drouin 3, Matt Tennyson 3) at 6:36
9. Atomiques , Chris Tierney 5 (Dennis Everberg 8) at 16:31 (PP)

Penalties :
Connor Clifton (STB) for Tripping (Minor) at 12:25, Anton Lindholm (RIM) for Interference (Minor) at 16:25, John Draeger (STB) for Hooking (Minor) at 19:45

Goalie Stats

Laurent Brossoit (RIM), 29 saves from 35 shots - (0.829), L, 4-4-0, 60:00 minutes
Connor Hellebyuk (STB), 33 saves from 36 shots - (0.917), W, 4-4-0, 60:00 minutes

Players Stats for Wolfes

Player Name              G  A  P  +/- PIM S  H  SB GA TA FO     MP     PP MP  PK MP  
------------------------------------------------------------------------------------
Alexandre Grenier        0  0  0  -1  0   2  1  1  1  0  0/1    16:17   0:00   1:19 
Angelo Esposito          0  0  0  -1  0   0  0  0  0  0  0/0     0:54   0:00   0:00 
Anton Lindholm           0  0  0   1  2   1  1  2  0  1  0/0    17:55   0:00   2:51 
Benn Ferriero            0  0  0   0  0   0  0  0  0  0  0/0     4:02   3:43   0:19 
Blake Pietila            0  1  1  -1  0   3  0  0  1  0  0/2    15:09   3:43   0:00 
Charles-Olivier Roussel  0  0  0   0  0   0  0  0  0  0  0/0     4:22   0:00   0:00 
James Livingstone        0  0  0   1  0   1  0  0  0  0  0/0    12:47   2:42   0:00 
Jamie Oleksiak           0  0  0   0  2   2  3  0  0  0  0/0    20:34   2:27   2:48 
Jeffrey Foss             0  1  1   0  0   1  0  1  0  0  0/0    22:35   2:27   2:23 
Joe Morrow               0  1  1  -2  2   1  1  2  0  2  0/0    20:28   3:58   1:35 
Joonas Lyytinen          0  0  0  -2  2   0  0  1  0  1  0/0    16:37   0:00   1:03 
Kyle Rau                 0  1  1   1  0   5  0  1  0  0  2/4    11:49   0:00   1:19 
Martin Hanzal            0  0  0  -1  0   1  3  0  0  1  7/13   16:10   0:00   3:42 
Max Friberg              0  0  0  -1  0   1  2  0  0  0  0/0    16:10   0:00   3:42 
Michael Stone            0  0  0   1  2   1  0  0  0  0  0/0    18:31   3:58   0:00 
Nolan Vesey              0  0  0   0  0   3  1  0  0  0  1/3    10:31   0:00   0:00 
Scott Timmins            0  0  0   0  0   3  1  0  1  0  2/2    13:20   2:42   0:00 
Sean Monahan             2  1  3   0  0   5  2  0  0  0  12/29  17:35   3:43   0:00 
Sergei Plotnikov         0  0  0  -1  0   2  0  1  0  0  1/1    14:45   0:00   0:19 
Vaclav Karabacek         0  0  0   0  0   1  2  0  0  0  0/0    11:04   0:00   0:00 
Zachary Sanford          1  0  1   1  0   3  1  0  0  0  0/0    13:00   2:42   0:00 

Players Stats for Atomiques

Player Name              G  A  P  +/- PIM S  H  SB GA TA FO     MP     PP MP  PK MP  
------------------------------------------------------------------------------------
Bobby Farnham            0  0  0   0  0   0  0  0  0  1  0/0     8:28   0:00   0:00 
Brandon McMillan         0  0  0   0  0   3  0  0  0  0  1/1    12:14   0:00   3:43 
Brandon Saad             2  0  2   0  2   5  4  1  0  0  1/1    18:03   2:44   0:00 
Chris Tierney            1  2  3   0  0   4  1  1  0  0  13/29  22:01   2:44   3:37 
Christoph Bertschy       0  0  0  -1  0   1  3  0  1  0  7/13   16:38   2:19   1:18 
Colby Cohen              0  0  0   1  0   3  0  1  0  0  0/0    13:16   0:00   0:00 
Connor Clifton           0  0  0   1  2   1  0  1  0  0  0/0    13:42   0:00   0:24 
Dennis Everberg          0  2  2   0  0   1  3  1  1  0  0/1    19:20   2:44   1:30 
Jack Skille              0  0  0  -1  0   0  3  0  0  0  1/1    12:26   0:17   0:00 
Jacob De La Rose         0  0  0   0  0   0  0  2  0  0  1/1     9:58   0:00   1:30 
John Draeger             0  0  0   0  2   2  0  1  0  0  0/0    18:20   0:54   1:56 
Jonathan Drouin          0  2  2   2  0   0  2  0  0  0  0/0    14:30   2:19   0:00 
Matt Tennyson            0  2  2   0  0   3  4  1  0  1  0/0    28:23   4:26   4:29 
Michael Chaput           2  0  2   2  2   6  0  0  0  0  5/7    11:39   0:17   0:00 
Taylor Beck              0  0  0  -1  0   1  2  0  1  0  1/1    13:57   0:17   1:12 
Travis Sanheim           1  1  2   0  2   1  0  1  1  1  0/0    26:15   4:26   2:49 
Wiley Sherman            0  0  0   0  0   2  1  1  0  0  0/0    19:37   0:54   3:12 
William Nylander         0  1  1   2  0   2  0  0  1  0  0/0    14:43   2:19   0:00 

3 Stars

1 - Chris Tierney (STB)
2 - Sean Monahan (RIM)
3 - Brandon Saad (STB)

Power Play

Wolfes - 1 on 5 Attempt(s) - 20.00%
Atomiques - 3 on 5 Attempt(s) - 60.00%

Penalty Kill

Wolfes - 2 on 5 Attempt(s) - 40.00% - Score 0 goal in Penalty Kill
Atomiques - 4 on 5 Attempt(s) - 80.00% - Score 0 goal in Penalty Kill

Team Stat

Wolfes - Hits : 18 - Faceoff Wins : 25 - Blocked Shots : 9 - Penalty Minutes : 10
Atomiques - Hits : 23 - Faceoff Wins : 30 - Blocked Shots : 11 - Penalty Minutes : 10

Official

Referees : Unknown
Linesman : Unknown

Game Notes

18:48 of 2nd period - Wolfes goal is going for a video replay. After video review, No Goal. The net was displaced accidentally.

Finance

Level 1 -- Attendance: 1332 (66.60%) -- Ticket Income $53,280
Level 2 -- Attendance: 762 (76.20%) -- Ticket Income $15,240
Total Attendance: 2094 (69.80%)
Total Ticket Income: $68,520
Other Income: $3,426
Total Income: $71,946

Wolfes

5 vs 5 Forward 
   Center                   Left Wing                Right Wing               Time % Phy DF OF 
 1 Sean Monahan             Sergei Plotnikov         Alexandre Grenier        35     1   2  2  
 2 Martin Hanzal            Blake Pietila            Max Friberg              30     1   2  2  
 3 Kyle Rau                 Zachary Sanford          James Livingstone        20     1   2  2  
 4 Scott Timmins            Nolan Vesey              Vaclav Karabacek         15     1   2  2  

5 vs 5 Defense 
   Defense                  Defense                                           Time % Phy DF OF 
 1 Jamie Oleksiak           Jeffrey Foss                                      35     1   2  2  
 2 Anton Lindholm           Michael Stone                                     33     1   2  2  
 3 Joonas Lyytinen          Joe Morrow                                        32     1   2  2  
 4 Charles-Olivier Roussel  Jeffrey Foss                                      0      1   2  2  

PowerPlay Forward 
   Center                   Left Wing                Right Wing               Time % Phy DF OF 
 1 Sean Monahan             Blake Pietila            Benn Ferriero            60     1   2  2  
 2 Scott Timmins            Zachary Sanford          James Livingstone        40     1   2  2  

PowerPlay Defense
   Defense                  Defense                                           Time % Phy DF OF 
 1 Michael Stone            Joe Morrow                                        60     1   2  2  
 2 Jamie Oleksiak           Jeffrey Foss                                      40     1   2  2  

Penalty Kill 4 Players Forward 
   Center                   Wing                     Time % Phy DF OF 
 1 Martin Hanzal            Max Friberg              60     1   2  2  
 2 Kyle Rau                 Alexandre Grenier        40     1   2  2  

Penalty Kill 4 Players Defense
   Defense                  Defense                  Time % Phy DF OF 
 1 Anton Lindholm           Jamie Oleksiak           60     1   2  2  
 2 Jeffrey Foss             Joe Morrow               40     1   2  2  

Penalty Kill - 3 Players Forward 
   Forward                                           Time % Phy DF OF 
 1 Martin Hanzal                                     60     1   2  2  
 2 Alexandre Grenier                                 40     1   2  2  

Penalty Kill - 3 Players Defense
   Defense                  Defense                  Time % Phy DF OF 
 1 Jamie Oleksiak           Anton Lindholm           60     1   2  2  
 2 Michael Stone            Jeffrey Foss             40     1   2  2  

4 vs 4 Forward 
   Center                   Wing                     Time % Phy DF OF 
 1 Martin Hanzal            Max Friberg              50     1   2  2  
 2 Blake Pietila            Angelo Esposito          50     1   2  2  

4 vs 4 Defense
   Defense                  Defense                  Time % Phy DF OF 
 1 Michael Stone            Anton Lindholm           50     1   2  2  
 2 Charles-Olivier Roussel  Joonas Lyytinen          50     1   2  2  

Last Minutes Offensive
   Center                   Left Wing                Right Wing               Defense                  Defense                  
   Martin Hanzal            Blake Pietila            Max Friberg              Joe Morrow               Jamie Oleksiak           

Last Minutes Defensive
   Center                   Left Wing                Right Wing               Defense                  Defense                  
   Kyle Rau                 Sergei Plotnikov         Alexandre Grenier        Michael Stone            Anton Lindholm           

Goaltenders
Starting : Laurent Brossoit         
Backup : Jeremy Smith             

Extra Forwards
Normal : Angelo Esposito, Zachary Sanford, Vaclav Karabacek - PP : Angelo Esposito, Scott Timmins - PK : Benn Ferriero
Extra Defensemen
Normal : Charles-Olivier Roussel, Joe Morrow, Joonas Lyytinen - PP : Charles-Olivier Roussel - PK : Joonas Lyytinen, Michael Stone
Penalty Shots
Benn Ferriero, Martin Hanzal, Scott Timmins, Angelo Esposito, Zachary Sanford

Scratches
Tommy Vannelli (Healthy), Christophe Lalancette (Healthy), Klas Dahlbeck (Healthy), Matt Grzelcyk (Healthy), Remi Elie (Healthy)
Jyrki Jokipakka (Healthy), Barclay Goodrow (Healthy), Thomas Spelling (Healthy), Nicolas Deschamps (Healthy), Pavel Kraskovsky (Healthy)
Louis Belpedio (Healthy), Jacob Lagacé (Healthy), Cameron Darcy (Healthy), Fredrik Olofsson (Healthy), Kyle Pettit (Healthy)
Dylan Sadowy (Healthy), Anton Karlsson (Healthy), Ebbe Siönäs (Healthy), Sami Aittokallio (Healthy), Kaapo Kahkonen (Healthy)

Atomiques

5 vs 5 Forward 
   Center                   Left Wing                Right Wing               Time % Phy DF OF 
 1 Chris Tierney            Brandon Saad             Dennis Everberg          35     0   2  3  
 2 Michael Chaput           Jonathan Drouin          William Nylander         30     0   1  4  
 3 Christoph Bertschy       Taylor Beck              Jack Skille              30     1   2  2  
 4 Jacob De La Rose         Brandon McMillan         Bobby Farnham            5      1   2  2  

5 vs 5 Defense 
   Defense                  Defense                                           Time % Phy DF OF 
 1 Travis Sanheim           Matt Tennyson                                     40     0   2  3  
 2 Wiley Sherman            John Draeger                                      30     0   2  3  
 3 Colby Cohen              Connor Clifton                                    20     1   2  2  
 4 Travis Sanheim           Matt Tennyson                                     10     1   2  2  

PowerPlay Forward 
   Center                   Left Wing                Right Wing               Time % Phy DF OF 
 1 Chris Tierney            Brandon Saad             Dennis Everberg          60     1   2  2  
 2 Christoph Bertschy       Jonathan Drouin          William Nylander         40     1   2  2  

PowerPlay Defense
   Defense                  Defense                                           Time % Phy DF OF 
 1 Travis Sanheim           Matt Tennyson                                     60     1   2  2  
 2 Wiley Sherman            John Draeger                                      40     1   2  2  

Penalty Kill 4 Players Forward 
   Center                   Wing                     Time % Phy DF OF 
 1 Chris Tierney            Brandon McMillan         60     1   3  1  
 2 Jacob De La Rose         Dennis Everberg          40     1   3  1  

Penalty Kill 4 Players Defense
   Defense                  Defense                  Time % Phy DF OF 
 1 Travis Sanheim           Matt Tennyson            60     1   3  1  
 2 Wiley Sherman            John Draeger             40     1   3  1  

Penalty Kill - 3 Players Forward 
   Forward                                           Time % Phy DF OF 
 1 Chris Tierney                                     60     1   3  1  
 2 Jacob De La Rose                                  40     1   3  1  

Penalty Kill - 3 Players Defense
   Defense                  Defense                  Time % Phy DF OF 
 1 Travis Sanheim           Matt Tennyson            60     1   3  1  
 2 Wiley Sherman            John Draeger             40     1   3  1  

4 vs 4 Forward 
   Center                   Wing                     Time % Phy DF OF 
 1 Chris Tierney            Brandon Saad             60     0   2  3  
 2 Taylor Beck              Jonathan Drouin          40     0   1  4  

4 vs 4 Defense
   Defense                  Defense                  Time % Phy DF OF 
 1 Travis Sanheim           Matt Tennyson            60     0   2  3  
 2 Wiley Sherman            John Draeger             40     0   2  3  

Last Minutes Offensive
   Center                   Left Wing                Right Wing               Defense                  Defense                  
   Chris Tierney            Brandon Saad             Jonathan Drouin          Travis Sanheim           Matt Tennyson            

Last Minutes Defensive
   Center                   Left Wing                Right Wing               Defense                  Defense                  
   Chris Tierney            Brandon McMillan         Dennis Everberg          John Draeger             Wiley Sherman            

Goaltenders
Starting : Connor Hellebyuk         
Backup : Thatcher Demko           

Extra Forwards
Normal : Taylor Beck, Brandon Saad, William Nylander - PP : William Nylander, Dennis Everberg - PK : Brandon McMillan
Extra Defensemen
Normal : John Draeger, Wiley Sherman, Matt Tennyson - PP : Travis Sanheim - PK : Wiley Sherman, Travis Sanheim
Penalty Shots
Taylor Beck, Christoph Bertschy, William Nylander, Dennis Everberg, Brandon McMillan

Scratches
Mike Halmo (Healthy), Freddie Hamilton (Healthy), Max McCormick (Healthy), Dalton Smith (Healthy), Joseph Cramarossa (Healthy)
Carl Dahlstrom (Healthy), Anthony Nigro (Healthy), Axel Holmstrom (Healthy), Eric Mestery (Healthy), Keegan Iverson (Healthy)
Andrew Hammond (Healthy)

% Time on Ice - Wolfes

Lines # - Real PCT - Wanted PCT - Time Play
Normal Forward
1 - 31% - 35% - 15:01
2 - 26% - 30% - 12:45
3 - 21% - 20% - 9:58
4 - 22% - 15% - 10:31
Normal Defense
1 - 31% - 35% - 15:00
2 - 31% - 33% - 14:57
3 - 30% - 32% - 14:28
4 - 8% - 0% - 3:50
PP Forward
1 - 58% - 60% - 3:43
2 - 42% - 40% - 2:42
PP Defense
1 - 62% - 60% - 3:58
2 - 38% - 40% - 2:27
PK Forward
1 - 75% - 60% - 4:01
2 - 25% - 40% - 1:19
PK Defense
1 - 55% - 60% - 2:57
2 - 45% - 40% - 2:23
PK3 Forward
1 - 0% - 60%
2 - 0% - 40%
PK3 Defense
1 - 0% - 60%
2 - 0% - 40%
44 Forward
1 - 0% - 50%
2 - 0% - 50%
44 Defense
1 - 0% - 50%
2 - 0% - 50%
Last Minute Offensive  - 0:00
Last Minute Defensive  - 0:00
Total
Forward - 60:00
Defense - 60:00

% Time on Ice - Atomiques

Lines # - Real PCT - Wanted PCT - Time Play
Normal Forward
1 - 32% - 35% - 15:13
2 - 26% - 30% - 12:25
3 - 25% - 30% - 12:09
4 - 18% - 5% - 8:28
Normal Defense
1 - 35% - 40% - 16:49
2 - 32% - 30% - 15:31
3 - 27% - 20% - 13:16
4 - 5% - 10% - 2:39
PP Forward
1 - 57% - 60% - 3:01
2 - 43% - 40% - 2:19
PP Defense
1 - 83% - 60% - 4:26
2 - 17% - 40% - 0:54
PK Forward
1 - 77% - 60% - 4:55
2 - 23% - 40% - 1:30
PK Defense
1 - 70% - 60% - 4:29
2 - 30% - 40% - 1:56
PK3 Forward
1 - 0% - 60%
2 - 0% - 40%
PK3 Defense
1 - 0% - 60%
2 - 0% - 40%
44 Forward
1 - 0% - 60%
2 - 0% - 40%
44 Defense
1 - 0% - 60%
2 - 0% - 40%
Last Minute Offensive  - 0:00
Last Minute Defensive  - 0:00
Total
Forward - 60:00
Defense - 60:00

Play-by-Play

1st period


0:01 of 1st period - Sean Monahan wins face-off versus Chris Tierney in neutral zone.
0:26 of 1st period - Jeffrey Foss is hit by Jonathan Drouin and loses puck.
0:35 of 1st period - Wrist shot by Martin Hanzal.
0:35 of 1st period - Shot Blocked by John Draeger.
0:53 of 1st period - Snap shot by Jack Skille.
0:53 of 1st period - Shot Misses the Net.
1:13 of 1st period - Wrist shot by Zachary Sanford.
1:13 of 1st period - Stopped by Connor Hellebyuk with a rebound.
1:15 of 1st period - Wrist shot by Scott Timmins.
1:15 of 1st period - Shot Blocked by Jacob De La Rose.
2:37 of 1st period - Travis Sanheim is hit by Vaclav Karabacek and loses puck.
2:53 of 1st period - Icing by Christoph Bertschy.
2:54 of 1st period - Chris Tierney wins face-off versus Sean Monahan in Atomiques zone.
4:07 of 1st period - Snap shot by Brandon Saad.
4:07 of 1st period - Goal by Brandon Saad - Wolfes : 0 - Atomiques : 1.
4:08 of 1st period - Sean Monahan wins face-off versus Michael Chaput in neutral zone.
4:33 of 1st period - Blake Pietila is hit by Christoph Bertschy and loses puck.
4:38 of 1st period - Snap shot by Taylor Beck.
4:38 of 1st period - Stopped by Laurent Brossoit with a rebound.
4:40 of 1st period - Slapshot by Connor Clifton.
4:40 of 1st period - Stopped by Laurent Brossoit with a rebound.
4:42 of 1st period - Snap shot by Christoph Bertschy.
4:42 of 1st period - Shot Misses the Net.
5:17 of 1st period - Backhand shot by Kyle Rau.
5:17 of 1st period - Stopped by Connor Hellebyuk with a rebound.
5:35 of 1st period - Anton Lindholm is hit by Jack Skille and loses puck.
5:40 of 1st period - Snap shot by Taylor Beck.
5:40 of 1st period - Shot Misses the Net.
5:42 of 1st period - Wrist shot by Jack Skille.
5:42 of 1st period - Shot Blocked by Anton Lindholm.
5:52 of 1st period - John Draeger is hit by Martin Hanzal.
5:56 of 1st period - Blake Pietila is hit by Brandon Saad and loses puck.
6:49 of 1st period - Wrist shot by Taylor Beck.
6:49 of 1st period - Shot Blocked by Sergei Plotnikov.
6:51 of 1st period - Slapshot by Colby Cohen.
6:51 of 1st period - Stopped by Laurent Brossoit with a rebound.
6:53 of 1st period - Slapshot by Colby Cohen.
6:53 of 1st period - Stopped by Laurent Brossoit with a rebound.
7:07 of 1st period - Matt Tennyson is hit by Max Friberg and loses puck.
7:37 of 1st period - Wrist shot by Zachary Sanford.
7:37 of 1st period - Shot Misses the Net.
9:24 of 1st period - Scott Timmins is hit by Taylor Beck and loses puck.
9:36 of 1st period - Chris Tierney is hit by Nolan Vesey and loses puck.
9:47 of 1st period - Jacob De La Rose is hit by Jamie Oleksiak and loses puck.
9:59 of 1st period - John Draeger is hit by Martin Hanzal and loses puck.
10:12 of 1st period - Chris Tierney is hit by Alexandre Grenier and loses puck.
10:19 of 1st period - Wrist shot by Alexandre Grenier.
10:19 of 1st period - Stopped by Connor Hellebyuk with a rebound.
10:21 of 1st period - Backhand shot by Alexandre Grenier.
10:21 of 1st period - Shot Blocked by Connor Clifton.
10:51 of 1st period - Icing by Zachary Sanford.
10:52 of 1st period - Michael Chaput wins face-off versus Nolan Vesey in Wolfes zone.
10:53 of 1st period - Wrist shot by Jonathan Drouin.
10:53 of 1st period - Shot Misses the Net.
10:55 of 1st period - Snap shot by John Draeger.
10:55 of 1st period - Stopped by Laurent Brossoit with a rebound.
10:57 of 1st period - Slapshot by Wiley Sherman.
10:57 of 1st period - Deflect By Michael Chaput.
10:57 of 1st period - Shot Misses the Net.
10:57 of 1st period - Puck is out of play.
10:58 of 1st period - Michael Chaput wins face-off versus Nolan Vesey in Wolfes zone.
11:01 of 1st period - Backhand shot by Michael Chaput.
11:01 of 1st period - Shot Misses the Net.
11:03 of 1st period - Slapshot by John Draeger.
11:03 of 1st period - Stopped by Laurent Brossoit with a rebound.
11:24 of 1st period - Minor Penalty to Michael Chaput for Holding.
11:25 of 1st period - Sean Monahan wins face-off versus Chris Tierney in Atomiques zone.
11:29 of 1st period - Snap shot by Blake Pietila.
11:29 of 1st period - Stopped by Connor Hellebyuk without a rebound.
11:30 of 1st period - Chris Tierney wins face-off versus Sean Monahan in Atomiques zone.
12:03 of 1st period - Slapshot by Scott Timmins.
12:03 of 1st period - Shot Misses the Net.
12:05 of 1st period - Snap shot by Zachary Sanford.
12:05 of 1st period - Shot Misses the Net.
13:24 of 1st period - Penalty to Michael Chaput is over, Michael Chaput is back on ice.
13:33 of 1st period - Snap shot by Michael Chaput.
13:33 of 1st period - Stopped by Laurent Brossoit with a rebound.
13:35 of 1st period - Wrist shot by Michael Chaput.
13:35 of 1st period - Stopped by Laurent Brossoit with a rebound.
13:37 of 1st period - Slapshot by William Nylander.
13:37 of 1st period - Stopped by Laurent Brossoit with a rebound.
13:39 of 1st period - Wrist shot by Michael Chaput.
13:39 of 1st period - Goal by Michael Chaput - Wolfes : 0 - Atomiques : 2.
13:40 of 1st period - Sean Monahan wins face-off versus Christoph Bertschy in neutral zone.
14:09 of 1st period - Snap shot by Michael Chaput.
14:09 of 1st period - Stopped by Laurent Brossoit without a rebound.
14:10 of 1st period - Michael Chaput wins face-off versus Martin Hanzal in Wolfes zone.
14:55 of 1st period - Wrist shot by Jonathan Drouin.
14:55 of 1st period - Shot Misses the Net.
14:57 of 1st period - Wrist shot by Michael Chaput.
14:57 of 1st period - Deflect By Jamie Oleksiak.
14:57 of 1st period - Stopped by Laurent Brossoit with a rebound.
15:07 of 1st period - Snap shot by Nolan Vesey.
15:07 of 1st period - Stopped by Connor Hellebyuk with a rebound.
15:09 of 1st period - Slapshot by Jamie Oleksiak.
15:09 of 1st period - Shot Blocked by Colby Cohen.
15:11 of 1st period - Wrist shot by Jeffrey Foss.
15:11 of 1st period - Deflect By Scott Timmins.
15:11 of 1st period - Shot Misses the Net.
15:11 of 1st period - Puck is out of play.
15:12 of 1st period - Sean Monahan wins face-off versus Chris Tierney in Atomiques zone.
15:29 of 1st period - Snap shot by Sean Monahan.
15:29 of 1st period - Stopped by Connor Hellebyuk with a rebound.
16:44 of 1st period - Martin Hanzal is hit by Wiley Sherman and loses puck.
17:12 of 1st period - Icing by Colby Cohen.
17:13 of 1st period - Jacob De La Rose wins face-off versus Sean Monahan in Atomiques zone.
17:13 of 1st period - Jacob De La Rose is hit by Jamie Oleksiak.
17:51 of 1st period - Snap shot by Martin Hanzal.
17:51 of 1st period - Shot Misses the Net.
17:53 of 1st period - Wrist shot by Blake Pietila.
17:53 of 1st period - Stopped by Connor Hellebyuk with a rebound.
18:03 of 1st period - Kyle Rau is hit by Jack Skille and loses puck.
18:22 of 1st period - Minor Penalty to Joonas Lyytinen for Hooking.
18:23 of 1st period - Martin Hanzal wins face-off versus Chris Tierney in Wolfes zone.
Goals for this period are 0 for Wolfes vs 2 for Atomiques.
Shots for this period are 7 for Wolfes vs 13 for Atomiques.

2nd period


0:01 of 2nd period - Martin Hanzal wins face-off versus Chris Tierney in neutral zone.
0:14 of 2nd period - Wrist shot by Brandon Saad.
0:14 of 2nd period - Stopped by Laurent Brossoit with a rebound.
0:16 of 2nd period - Slapshot by Matt Tennyson.
0:16 of 2nd period - Stopped by Laurent Brossoit with a rebound.
0:22 of 2nd period - Penalty to Joonas Lyytinen is over, Joonas Lyytinen is back on ice.
0:45 of 2nd period - Jamie Oleksiak is hit by Christoph Bertschy and loses puck.
1:44 of 2nd period - Matt Tennyson is hit by Scott Timmins and loses puck.
1:55 of 2nd period - Charles-Olivier Roussel is hit by Jonathan Drouin and loses puck.
2:28 of 2nd period - Slapshot by Chris Tierney.
2:28 of 2nd period - Stopped by Laurent Brossoit with a rebound.
2:30 of 2nd period - Slapshot by Matt Tennyson.
2:30 of 2nd period - Shot Misses the Net.
2:32 of 2nd period - Slapshot by Travis Sanheim.
2:32 of 2nd period - Shot Blocked by Joe Morrow.
3:18 of 2nd period - Wiley Sherman is hit by Vaclav Karabacek and loses puck.
4:16 of 2nd period - Snap shot by Max Friberg.
4:16 of 2nd period - Stopped by Connor Hellebyuk without a rebound.
4:17 of 2nd period - Brandon McMillan wins face-off versus Blake Pietila in Atomiques zone.
4:48 of 2nd period - Snap shot by Scott Timmins.
4:48 of 2nd period - Stopped by Connor Hellebyuk with a rebound.
4:50 of 2nd period - Backhand shot by Joe Morrow.
4:50 of 2nd period - Shot Blocked by Jacob De La Rose.
4:52 of 2nd period - Slapshot by Joonas Lyytinen.
4:52 of 2nd period - Shot Misses the Net.
5:37 of 2nd period - Bobby Farnham is hit by Martin Hanzal and loses puck.
6:12 of 2nd period - Snap shot by Brandon McMillan.
6:12 of 2nd period - Stopped by Laurent Brossoit with a rebound.
6:14 of 2nd period - Snap shot by Bobby Farnham.
6:14 of 2nd period - Deflect By Brandon McMillan.
6:14 of 2nd period - Stopped by Laurent Brossoit with a rebound.
6:16 of 2nd period - Slapshot by Wiley Sherman.
6:16 of 2nd period - Deflect By Martin Hanzal.
6:16 of 2nd period - Stopped by Laurent Brossoit with a rebound.
6:18 of 2nd period - Slapshot by Wiley Sherman.
6:18 of 2nd period - Deflect By Martin Hanzal.
6:18 of 2nd period - Stopped by Laurent Brossoit with a rebound.
6:22 of 2nd period - Snap shot by Brandon McMillan.
6:22 of 2nd period - Shot Misses the Net.
6:24 of 2nd period - Slapshot by John Draeger.
6:24 of 2nd period - Deflect By Brandon McMillan.
6:24 of 2nd period - Shot Blocked by Joonas Lyytinen.
6:24 of 2nd period - Puck is out of play.
6:25 of 2nd period - Sean Monahan wins face-off versus Chris Tierney in Wolfes zone.
6:42 of 2nd period - Slapshot by Jamie Oleksiak.
6:42 of 2nd period - Stopped by Connor Hellebyuk with a rebound.
6:56 of 2nd period - Wrist shot by Sean Monahan.
6:56 of 2nd period - Stopped by Connor Hellebyuk with a rebound.
6:58 of 2nd period - Snap shot by Kyle Rau.
6:58 of 2nd period - Stopped by Connor Hellebyuk with a rebound.
7:00 of 2nd period - Snap shot by Zachary Sanford.
7:00 of 2nd period - Goal by Zachary Sanford - Wolfes : 1 - Atomiques : 2.
7:01 of 2nd period - Brandon Saad wins face-off versus Sean Monahan in neutral zone.
7:04 of 2nd period - Snap shot by Chris Tierney.
7:04 of 2nd period - Stopped by Laurent Brossoit without a rebound.
7:05 of 2nd period - Chris Tierney wins face-off versus Sean Monahan in Wolfes zone.
7:53 of 2nd period - Off-side.
7:54 of 2nd period - Jack Skille wins face-off versus Kyle Rau in neutral zone.
8:18 of 2nd period - Slapshot by Zachary Sanford.
8:18 of 2nd period - Shot Misses the Net.
8:20 of 2nd period - Backhand shot by Michael Stone.
8:20 of 2nd period - Shot Misses the Net.
8:22 of 2nd period - Snap shot by Kyle Rau.
8:22 of 2nd period - Stopped by Connor Hellebyuk with a rebound.
8:44 of 2nd period - Snap shot by Sergei Plotnikov.
8:44 of 2nd period - Stopped by Connor Hellebyuk without a rebound.
8:45 of 2nd period - Christoph Bertschy wins face-off versus Sean Monahan in Atomiques zone.
8:47 of 2nd period - Icing by Jack Skille.
8:48 of 2nd period - Christoph Bertschy wins face-off versus Sean Monahan in Atomiques zone.
8:57 of 2nd period - Snap shot by Taylor Beck.
8:57 of 2nd period - Shot Misses the Net.
9:39 of 2nd period - Off-side.
9:40 of 2nd period - Kyle Rau wins face-off versus Chris Tierney in neutral zone.
9:51 of 2nd period - Snap shot by James Livingstone.
9:51 of 2nd period - Stopped by Connor Hellebyuk with a rebound.
9:53 of 2nd period - Slapshot by James Livingstone.
9:53 of 2nd period - Shot Blocked by Wiley Sherman.
9:55 of 2nd period - Slapshot by Jamie Oleksiak.
9:55 of 2nd period - Deflect By Zachary Sanford.
9:55 of 2nd period - Stopped by Connor Hellebyuk with a rebound.
10:01 of 2nd period - Minor Penalty to Brandon Saad for Holding.
10:02 of 2nd period - Chris Tierney wins face-off versus Sean Monahan in Atomiques zone.
10:15 of 2nd period - Snap shot by Sean Monahan.
10:15 of 2nd period - Goal by Sean Monahan - Wolfes : 2 - Atomiques : 2.
10:16 of 2nd period - Chris Tierney wins face-off versus Sean Monahan in neutral zone.
10:27 of 2nd period - Snap shot by Brandon Saad.
10:27 of 2nd period - Stopped by Laurent Brossoit with a rebound.
10:29 of 2nd period - Slapshot by Matt Tennyson.
10:29 of 2nd period - Stopped by Laurent Brossoit without a rebound.
10:30 of 2nd period - Christoph Bertschy wins face-off versus Martin Hanzal in Wolfes zone.
10:35 of 2nd period - Wrist shot by Christoph Bertschy.
10:35 of 2nd period - Deflect By Jack Skille.
10:35 of 2nd period - Shot Misses the Net.
10:35 of 2nd period - Puck is out of play.
10:36 of 2nd period - Martin Hanzal wins face-off versus Christoph Bertschy in Wolfes zone.
11:14 of 2nd period - Minor Penalty to Michael Stone for Hooking.
11:15 of 2nd period - Martin Hanzal wins face-off versus Chris Tierney in Wolfes zone.
11:21 of 2nd period - Slapshot by Jamie Oleksiak.
11:21 of 2nd period - Shot Blocked by Matt Tennyson.
11:29 of 2nd period - Slapshot by Dennis Everberg.
11:29 of 2nd period - Stopped by Laurent Brossoit without a rebound.
11:30 of 2nd period - Chris Tierney wins face-off versus Martin Hanzal in Wolfes zone.
11:31 of 2nd period - Wrist shot by Brandon Saad.
11:31 of 2nd period - Goal by Brandon Saad - Wolfes : 2 - Atomiques : 3.
11:32 of 2nd period - Sean Monahan wins face-off versus Chris Tierney in neutral zone.
11:37 of 2nd period - Wrist shot by Alexandre Grenier.
11:37 of 2nd period - Shot Blocked by Chris Tierney.
11:39 of 2nd period - Wrist shot by Sergei Plotnikov.
11:39 of 2nd period - Stopped by Connor Hellebyuk without a rebound.
11:40 of 2nd period - Sergei Plotnikov wins face-off versus Chris Tierney in Atomiques zone.
11:51 of 2nd period - Snap shot by Sean Monahan.
11:51 of 2nd period - Goal by Sean Monahan - Wolfes : 3 - Atomiques : 3.
11:52 of 2nd period - Chris Tierney wins face-off versus Sean Monahan in neutral zone.
11:57 of 2nd period - Snap shot by Brandon Saad.
11:57 of 2nd period - Shot Misses the Net.
11:59 of 2nd period - Wrist shot by Brandon Saad.
11:59 of 2nd period - Stopped by Laurent Brossoit without a rebound.
12:00 of 2nd period - Sean Monahan wins face-off versus Chris Tierney in Wolfes zone.
12:02 of 2nd period - Minor Penalty to Joe Morrow for Diving.
12:03 of 2nd period - Martin Hanzal wins face-off versus Dennis Everberg in Wolfes zone.
12:11 of 2nd period - Snap shot by Martin Hanzal.
12:11 of 2nd period - Stopped by Connor Hellebyuk without a rebound.
12:12 of 2nd period - Chris Tierney wins face-off versus Martin Hanzal in Atomiques zone.
12:12 of 2nd period - Chris Tierney is hit by Jamie Oleksiak.
12:50 of 2nd period - Slapshot by Dennis Everberg.
12:50 of 2nd period - Deflect By Max Friberg.
12:50 of 2nd period - Shot Blocked by Anton Lindholm.
12:50 of 2nd period - Puck is out of play.
12:51 of 2nd period - Kyle Rau wins face-off versus Christoph Bertschy in Wolfes zone.
13:08 of 2nd period - Wrist shot by Kyle Rau.
13:08 of 2nd period - Stopped by Connor Hellebyuk without a rebound.
13:09 of 2nd period - Chris Tierney wins face-off versus Martin Hanzal in Atomiques zone.
14:02 of 2nd period - Penalty to Joe Morrow is over, Joe Morrow is back on ice.
14:07 of 2nd period - Snap shot by Travis Sanheim.
14:07 of 2nd period - Shot Blocked by Kyle Rau.
14:33 of 2nd period - Snap shot by Christoph Bertschy.
14:33 of 2nd period - Stopped by Laurent Brossoit without a rebound.
14:34 of 2nd period - Scott Timmins wins face-off versus Chris Tierney in Wolfes zone.
14:41 of 2nd period - Slapshot by Michael Stone.
14:41 of 2nd period - Stopped by Connor Hellebyuk without a rebound.
14:42 of 2nd period - Nolan Vesey wins face-off versus Chris Tierney in Atomiques zone.
14:49 of 2nd period - Michael Stone is hit by Chris Tierney and loses puck.
15:02 of 2nd period - Snap shot by Chris Tierney.
15:02 of 2nd period - Stopped by Laurent Brossoit with a rebound.
15:31 of 2nd period - Slapshot by Scott Timmins.
15:31 of 2nd period - Stopped by Connor Hellebyuk with a rebound.
15:33 of 2nd period - Snap shot by Anton Lindholm.
15:33 of 2nd period - Shot Misses the Net.
15:39 of 2nd period - Slapshot by Nolan Vesey.
15:39 of 2nd period - Shot Misses the Net.
15:41 of 2nd period - Slapshot by Michael Stone.
15:41 of 2nd period - Shot Misses the Net.
15:53 of 2nd period - Wrist shot by Scott Timmins.
15:53 of 2nd period - Shot Misses the Net.
15:55 of 2nd period - Slapshot by Michael Stone.
15:55 of 2nd period - Shot Misses the Net.
15:57 of 2nd period - Slapshot by Anton Lindholm.
15:57 of 2nd period - Shot Misses the Net.
16:01 of 2nd period - Slapshot by Scott Timmins.
16:01 of 2nd period - Shot Blocked by Dennis Everberg.
16:03 of 2nd period - Slapshot by Anton Lindholm.
16:03 of 2nd period - Shot Misses the Net.
16:09 of 2nd period - Slapshot by Michael Stone.
16:09 of 2nd period - Shot Misses the Net.
16:19 of 2nd period - Wrist shot by Vaclav Karabacek.
16:19 of 2nd period - Stopped by Connor Hellebyuk with a rebound.
16:21 of 2nd period - Backhand shot by Anton Lindholm.
16:21 of 2nd period - Shot Blocked by Brandon Saad.
16:23 of 2nd period - Snap shot by Nolan Vesey.
16:23 of 2nd period - Shot Misses the Net.
16:25 of 2nd period - Slapshot by Anton Lindholm.
16:25 of 2nd period - Stopped by Connor Hellebyuk without a rebound.
16:26 of 2nd period - Christoph Bertschy wins face-off versus Alexandre Grenier in Atomiques zone.
16:26 of 2nd period - Christoph Bertschy is hit by Sean Monahan.
16:33 of 2nd period - Minor Penalty to Jamie Oleksiak for Hooking.
16:34 of 2nd period - Martin Hanzal wins face-off versus Christoph Bertschy in Wolfes zone.
17:12 of 2nd period - Snap shot by Martin Hanzal.
17:12 of 2nd period - Shot Misses the Net.
17:30 of 2nd period - Slapshot by Matt Tennyson.
17:30 of 2nd period - Shot Misses the Net.
17:32 of 2nd period - Wrist shot by Michael Chaput.
17:32 of 2nd period - Goal by Michael Chaput - Wolfes : 3 - Atomiques : 4.
17:33 of 2nd period - Christoph Bertschy wins face-off versus Sean Monahan in neutral zone.
18:20 of 2nd period - Joonas Lyytinen is hit by Brandon Saad and loses puck.
18:33 of 2nd period - Zachary Sanford is hit by Brandon Saad and loses puck.
18:46 of 2nd period - Wrist shot by Scott Timmins.
18:46 of 2nd period - Shot Misses the Net.
18:48 of 2nd period - Wrist shot by Nolan Vesey.
18:48 of 2nd period - Wolfes goal is going for a video replay.
18:48 of 2nd period - The goal is refused. The net was displaced accidentally..
18:49 of 2nd period - Scott Timmins wins face-off versus Christoph Bertschy in Atomiques zone.
18:49 of 2nd period - Scott Timmins is hit by Matt Tennyson.
19:06 of 2nd period - Snap shot by Scott Timmins.
19:06 of 2nd period - Shot Misses the Net.
19:13 of 2nd period - Minor Penalty to Travis Sanheim for Hooking.
19:14 of 2nd period - Sean Monahan wins face-off versus Chris Tierney in Atomiques zone.
19:20 of 2nd period - Wrist shot by Blake Pietila.
19:20 of 2nd period - Stopped by Connor Hellebyuk with a rebound.
19:59 of 2nd period - Jamie Oleksiak is hit by Dennis Everberg.
Goals for this period are 3 for Wolfes vs 2 for Atomiques.
Shots for this period are 21 for Wolfes vs 16 for Atomiques.

3rd period


0:01 of 3rd period - Chris Tierney wins face-off versus Sean Monahan in neutral zone.
1:13 of 3rd period - Penalty to Travis Sanheim is over, Travis Sanheim is back on ice.
1:50 of 3rd period - Snap shot by Jack Skille.
1:50 of 3rd period - Shot Misses the Net.
2:08 of 3rd period - Wrist shot by Kyle Rau.
2:08 of 3rd period - Shot Misses the Net.
2:10 of 3rd period - Wrist shot by Jeffrey Foss.
2:10 of 3rd period - Stopped by Connor Hellebyuk with a rebound.
2:25 of 3rd period - Max Friberg is hit by Matt Tennyson and loses puck.
2:56 of 3rd period - Scott Timmins is hit by Dennis Everberg.
3:06 of 3rd period - Snap shot by Nolan Vesey.
3:06 of 3rd period - Stopped by Connor Hellebyuk with a rebound.
3:27 of 3rd period - Icing by Joe Morrow.
3:28 of 3rd period - Michael Chaput wins face-off versus Kyle Rau in Wolfes zone.
4:06 of 3rd period - Wrist shot by Sean Monahan.
4:06 of 3rd period - Stopped by Connor Hellebyuk with a rebound.
5:22 of 3rd period - Connor Clifton is hit by Max Friberg and loses puck.
5:40 of 3rd period - Vaclav Karabacek is hit by Matt Tennyson and loses puck.
5:58 of 3rd period - Jamie Oleksiak is hit by Christoph Bertschy and loses puck.
6:16 of 3rd period - Wrist shot by Scott Timmins.
6:16 of 3rd period - Stopped by Connor Hellebyuk with a rebound.
6:20 of 3rd period - Wrist shot by Scott Timmins.
6:20 of 3rd period - Shot Misses the Net.
6:22 of 3rd period - Backhand shot by Nolan Vesey.
6:22 of 3rd period - Shot Misses the Net.
6:24 of 3rd period - Slapshot by Jamie Oleksiak.
6:24 of 3rd period - Stopped by Connor Hellebyuk without a rebound.
6:25 of 3rd period - Sean Monahan wins face-off versus Michael Chaput in Atomiques zone.
6:32 of 3rd period - Slapshot by Matt Tennyson.
6:32 of 3rd period - Shot Misses the Net.
6:34 of 3rd period - Wrist shot by Jonathan Drouin.
6:34 of 3rd period - Shot Blocked by Alexandre Grenier.
6:36 of 3rd period - Slapshot by Travis Sanheim.
6:36 of 3rd period - Goal by Travis Sanheim - Wolfes : 3 - Atomiques : 5.
6:37 of 3rd period - Sean Monahan wins face-off versus Christoph Bertschy in neutral zone.
6:48 of 3rd period - Snap shot by Sean Monahan.
6:48 of 3rd period - Shot Misses the Net.
8:04 of 3rd period - Jonathan Drouin is hit by Anton Lindholm and loses puck.
8:12 of 3rd period - Icing by Colby Cohen.
8:13 of 3rd period - Michael Chaput wins face-off versus Sean Monahan in Atomiques zone.
8:20 of 3rd period - Slapshot by Colby Cohen.
8:20 of 3rd period - Stopped by Laurent Brossoit with a rebound.
8:30 of 3rd period - Snap shot by Alexandre Grenier.
8:30 of 3rd period - Stopped by Connor Hellebyuk without a rebound.
8:31 of 3rd period - Martin Hanzal wins face-off versus Chris Tierney in Atomiques zone.
8:44 of 3rd period - Slapshot by Blake Pietila.
8:44 of 3rd period - Shot Blocked by Travis Sanheim.
8:52 of 3rd period - Martin Hanzal is hit by Matt Tennyson and loses puck.
9:02 of 3rd period - Off-side.
9:03 of 3rd period - Christoph Bertschy wins face-off versus Sean Monahan in neutral zone.
9:06 of 3rd period - Slapshot by Wiley Sherman.
9:06 of 3rd period - Shot Blocked by Joe Morrow.
9:39 of 3rd period - Snap shot by Kyle Rau.
9:39 of 3rd period - Stopped by Connor Hellebyuk with a rebound.
10:25 of 3rd period - Nolan Vesey is hit by Jack Skille and loses puck.
11:23 of 3rd period - Brandon McMillan is hit by Zachary Sanford and loses puck.
11:32 of 3rd period - Slapshot by Joe Morrow.
11:32 of 3rd period - Stopped by Connor Hellebyuk without a rebound.
11:33 of 3rd period - Chris Tierney wins face-off versus Sean Monahan in Atomiques zone.
11:52 of 3rd period - Connor Clifton is hit by Joe Morrow and loses puck.
12:25 of 3rd period - Minor Penalty to Connor Clifton for Tripping.
12:26 of 3rd period - Sean Monahan wins face-off versus Chris Tierney in Atomiques zone.
13:48 of 3rd period - Joe Morrow is hit by Dennis Everberg and loses puck.
14:25 of 3rd period - Penalty to Connor Clifton is over, Connor Clifton is back on ice.
14:39 of 3rd period - Backhand shot by Jonathan Drouin.
14:39 of 3rd period - Deflect By William Nylander.
14:39 of 3rd period - Stopped by Laurent Brossoit with a rebound.
14:41 of 3rd period - Slapshot by Matt Tennyson.
14:41 of 3rd period - Shot Blocked by Jeffrey Foss.
14:43 of 3rd period - Snap shot by Matt Tennyson.
14:43 of 3rd period - Stopped by Laurent Brossoit with a rebound.
15:20 of 3rd period - Michael Chaput is hit by Sean Monahan and loses puck.
15:50 of 3rd period - Off-side.
15:51 of 3rd period - Taylor Beck wins face-off versus Sean Monahan in neutral zone.
15:56 of 3rd period - Anton Lindholm is hit by Brandon Saad and loses puck.
16:09 of 3rd period - Wrist shot by Jack Skille.
16:09 of 3rd period - Shot Misses the Net.
16:19 of 3rd period - Wrist shot by Christoph Bertschy.
16:19 of 3rd period - Shot Misses the Net.
16:25 of 3rd period - Minor Penalty to Anton Lindholm for Interference.
16:26 of 3rd period - Chris Tierney wins face-off versus Martin Hanzal in Wolfes zone.
16:31 of 3rd period - Wrist shot by Chris Tierney.
16:31 of 3rd period - Goal by Chris Tierney - Wolfes : 3 - Atomiques : 6.
16:32 of 3rd period - Christoph Bertschy wins face-off versus Sean Monahan in neutral zone.
18:05 of 3rd period - Anton Lindholm is hit by Taylor Beck and loses puck.
19:06 of 3rd period - Slapshot by Brandon McMillan.
19:06 of 3rd period - Stopped by Laurent Brossoit with a rebound.
19:45 of 3rd period - Minor Penalty to John Draeger for Hooking.
19:46 of 3rd period - Chris Tierney wins face-off versus Blake Pietila in Atomiques zone.
Goals for this period are 0 for Wolfes vs 2 for Atomiques.
Shots for this period are 8 for Wolfes vs 6 for Atomiques.